 Dungeon Crawl Stone Soup version 0.23.2-33-g5129a83184 (webtiles) character file.

Game seed: 15878800077416627435

1194 funkygono the Cudgeler (level 8, -4/61 HPs)
             Began as a Formicid Fighter on July 12, 2019.
             Was a Priest of Cheibriados.
             Slain by a troll (10 damage)
             ... on level 5 of the Dungeon.
             The game lasted 00:14:14 (3951 turns).

funkygono the Cudgeler (Formicid Fighter)           Turns: 3951, Time: 00:14:14

Health: -4/61      AC: 13    Str: 28    XL:     8   Next: 71%
Magic:  8/8        EV:  9    Int: 15    God:    Cheibriados [***...]
Gold:   252        SH: 11    Dex: 16    Spells: 7/7 levels left

rFire    . . .     SeeInvis +   d - +2 dire flail (protect)
rCold    . . .     Gourm    .   c - +0 shield
rNeg     . . .     Faith    .   k - +2 chain mail {MR+}
rPois    .         Spirit   .   (helmet unavailable)
rElec    .         Reflect  .   m - +0 cloak
rCorr    .         Harm     .   (no gloves)
MR       +....                  (no boots)
Stlth    ..........             (no amulet)
HPRegen  0.20/turn              (no ring)
MPRegen  0.11/turn              (no ring)

@: very slow
A: permanent stasis, dig shafts and tunnels, four strong arms, antennae 3
a: Dig, Shaft Self, Bend Time, Temporal Distortion, Renounce Religion


You were on level 5 of the Dungeon.
You worshipped Cheibriados.
Cheibriados was most pleased with you.
You were not hungry.

You visited 2 branches of the dungeon, and saw 6 of its levels.

You collected 252 gold pieces.

Inventory:

Hand Weapons
 a - a +0 flail
 d - a +2 dire flail of protection (weapon)
 l - a +0 hunting sling
 s - a +1 flail of holy wrath
Missiles
 i - 173 stones (quivered)
 n - 14 sling bullets
 p - 23 bolts
Armour
 b - a +0 scale mail
 c - a +0 shield (worn)
 h - a +3 leather armour of fire resistance
 k - a +2 chain mail of magic resistance (worn)
 m - a +0 cloak (worn)
Wands
 o - a wand of polymorph (6)
Scrolls
 q - 4 scrolls of remove curse
 t - a scroll of enchant weapon {unknown}
Potions
 e - 2 potions of flight
 j - 3 potions of mutation
 r - a potion of curing {unknown}
Comestibles
 f - 5 rations
 g - 8 chunks of flesh


   Skills:
 + Level 4.8 Fighting
 + Level 6.8 Maces & Flails
 + Level 5.7 Armour
 + Level 2.0 Dodging
 + Level 0.3 Stealth
 + Level 6.1 Shields
 + Level 0.1 Invocations


You had 7 spell levels left.
You didn't know any spells.
Your spell library contained the following spells:

 Spells                   Type           Power        Failure   Level  Hunger
 Corona                   Hex            #......      95%         1    ##.....
 Ensorcelled Hibernation  Hex/Ice        #.....       98%         2    ###....
 Confuse                  Hex            #.......     100%        3    ####...
 Dazzling Spray           Conj/Hex       #.....       100%        3    ####...
 Tukima's Dance           Hex            #.......     100%        3    ####...


Dungeon Overview and Level Annotations

Branches:
Dungeon (5/15)             Temple (1/1) D:4

Altars:
Ashenzari
Cheibriados
Dithmenos
Elyvilon
Fedhas
Hepliaklqana
Kikubaaqudgha
Makhleb
Nemelex Xobeh
Qazlal
Ru
Sif Muna
Trog
Uskayaw
Vehumet
Wu Jian
Xom
Zin
The Shining One


Innate Abilities, Weirdness & Mutations

You cannot be hasted, slowed, berserked, paralysed or teleported.
You can dig through walls and to a lower floor.
Your four strong arms can wield two-handed weapons with a shield.
You have a pair of large antennae on your head. (SInv)


Message History

You butcher the orc corpse.
g - 8 chunks of flesh (gained 2)
Things that are here:
a cursed -3 club; an orc skeleton You start resting.
A troll comes into view.
An orc wizard comes into view. It is wielding a +0 dagger.
The orc wizard shouts!
An orc comes into view.
The orc wizard points at you and mumbles some strange words.
You block the puff of flame. The troll barely misses you. The troll claws you!
The troll claws you. You block the troll's attack. The troll claws you!
* * * LOW HITPOINT WARNING * * *
You block the troll's attack. The troll bites you!
* * * LOW HITPOINT WARNING * * *
The troll barely misses you. The troll claws you.
* * * LOW HITPOINT WARNING * * *
The troll bites you!
You die...

+....#........... #...
#........... . .##
###'##########+##∩. ...
#...##..!.......... ....
+....#...........∩. #....
#....#...................
......#....'....)).............
........####...÷........>......
.._...##))...#@#########.......
...... #.....#.T.......#.......
..... #.....#.........#.......
### #.....#.........#.......
#.....#.o..)..../.......
#.....##o####...#.......
#......... #####.......
######..... ....... #.....
$......


You could see a troll, an orc wizard and an orc.

Vanquished Creatures
  Eustachio (D:5)
  Menkaure (D:5)
  Edmund (D:3)
  Duvessa (D:4)
  A sky beast (D:5)
  Dowan (D:4)
  A howler monkey (D:5)
  A crimson imp (D:5)
  A hound (D:3)
  3 orc priests
  3 orc wizards
  Crazy Yiuf (D:5)
  A centaur skeleton (D:5)
  Jessica (D:3)
  Natasha (twice) (D:3)
  A worker ant (D:4)
  3 adders (D:2)
  An ooze (D:2)
  A worm (D:2)
  A dart slug (D:1)
  2 leopard geckos
  14 orcs
  7 bats
  9 giant cockroaches
  9 hobgoblins
  6 jackals
  A quokka (D:5)
  A ball python (D:1)
  5 frilled lizards
  9 goblins
  10 kobolds
  A quokka skeleton (D:4)
  9 rats
110 creatures vanquished.

Notes
Turn   | Place    | Note
-------+----------+-------------------------------------------
     0 | D:1      | funkygono the Formicid Fighter began the quest for the Orb.
     0 | D:1      | Reached XP level 1. HP: 18/18 MP: 1/1
   116 | D:1      | Reached XP level 2. HP: 16/24 MP: 2/2
   342 | D:1      | Reached XP level 3. HP: 29/29 MP: 3/3
   967 | D:2      | Reached skill level 1 in Dodging
   967 | D:2      | Reached XP level 4. HP: 30/35 MP: 4/4
  1347 | D:2      | Found a snail-covered altar of Cheibriados.
  1357 | D:2      | Became a worshipper of Cheibriados the Contemplative
  1811 | D:3      | Reached * piety under Cheibriados
  1811 | D:3      | Reached XP level 5. HP: 39/41 MP: 5/5
  1834 | D:3      | Noticed Natasha
  1981 | D:3      | Killed Natasha
  2189 | D:3      | Noticed Natasha
  2219 | D:3      | Killed Natasha
  2219 | D:3      | Reached XP level 6. HP: 37/48 MP: 6/6
  2268 | D:3      | Reached ** piety under Cheibriados
  2271 | D:3      | Noticed Jessica
  2274 | D:3      | Killed Jessica
  2489 | D:4      | Noticed Edmund
  2504 | D:4      | HP: 2/48 [hound (5)]
  2537 | D:3      | Killed Edmund
  2537 | D:3      | Reached XP level 7. HP: 7/54 MP: 7/7
  2862 | D:4      | Found a staircase to the Ecumenical Temple.
  2876 | Temple   | Entered the Ecumenical Temple
  3052 | D:4      | Noticed Dowan
  3052 | D:4      | Noticed Duvessa
  3072 | D:4      | Killed Duvessa
  3072 | D:4      | Reached skill level 5 in Maces & Flails
  3083 | D:4      | Killed Dowan
  3083 | D:4      | Reached skill level 5 in Armour
  3676 | D:5      | Entered Level 5 of the Dungeon
  3686 | D:5      | Noticed Eustachio
  3704 | D:5      | Killed Eustachio
  3704 | D:5      | Reached skill level 5 in Shields
  3704 | D:5      | Reached XP level 8. HP: 55/61 MP: 8/8
  3715 | D:5      | Found a runed translucent door.
  3716 | D:5      | Noticed Crazy Yiuf
  3725 | D:5      | Killed Crazy Yiuf
  3803 | D:5      | Found a stormy altar of Qazlal.
  3889 | D:5      | Noticed Menkaure
  3899 | D:5      | Killed Menkaure
  3899 | D:5      | Reached *** piety under Cheibriados
  3945 | D:5      | Noticed a troll
  3951 | D:5      | Slain by a troll

Skill      XL: |  1  2  3  4  5  6  7  8 |
---------------+-------------------------+-----
Shields        | 4 5 6 |  6.1
Dodging        | 1 2 |  2.0
Maces & Flails | 3 4 5 6 |  6.8
Armour         | 4 5 |  5.7
Fighting       | 4 |  4.8
Stealth        | |  0.3
Invocations    | |  0.1

Action                   |  1- 3 |  4- 6 |  7- 9 || total
-------------------------+-------+-------+-------++-------
Melee: Flail             |   124 |   193 |       ||   317
       Dire flail        |       |       |   104 ||   104
Invok: Bend Time         |       |     2 |     1 ||     3
  Use: Scroll            |     2 |     6 |     1 ||     9
       Potion            |       |     3 |       ||     3
  Eat: Chunk             |       |     5 |     2 ||     7
Armor: Scale mail        |    66 |    77 |    11 ||   154
       Skin              |       |     8 |       ||     8
       Chain mail        |       |       |    46 ||    46
Dodge: Dodged            |    38 |    74 |    45 ||   157
Block: Shield            |    69 |   130 |    77 ||   276
